 Dungeon Crawl Stone Soup version 0.28.0-43-g3370ac3207 (webtiles) character file.

Game seed: 9210613553074806004

52 Ablot the Grasshopper (level 3, 0/31 HPs)
             Began as a Gnoll Warper on Mar 5, 2022.
             Slain by an orc
             ... wielding a +0 hand axe
              (3 damage)
             ... on level 3 of the Dungeon.
             The game lasted 00:02:14 (2498 turns).

Ablot the Grasshopper (Gnoll Warper)                Turns: 2498, Time: 00:02:14

Health: 0/31       AC:  3    Str: 12    XL:     3   Next: 85%
Magic:  9/9        EV: 12    Int: 12    God:
Gold:   41         SH:  0    Dex: 11    Spells: 10/12 levels left

rFire   . . .      SeeInvis .   a - +0 spear
rCold   . . .      Faith    .   (no shield)
rNeg    . . .      Spirit   .   b - +0 leather armour
rPois   .          Reflect  .   (no helmet)
rElec   .          Harm     .   (no cloak)
rCorr   .          Rampage  .   (no gloves)
Will    +....                   (no boots)
Stlth   +.........              (no amulet)
HPRegen 0.10/turn               j - ring of willpower
MPRegen 0.11/turn               (no ring)

@: lethally poisoned (0 -> -22)
A: fangs 1, strong nose, distributed training
a: no special abilities


You were on level 3 of the Dungeon.
You visited 1 branch of the dungeon, and saw 3 of its levels.

You collected 69 gold pieces.
You spent 28 gold pieces at shops.

Inventory:

Hand Weapons
 a - a +0 spear (weapon)
Missiles
 d - 5 boomerangs of dispersal
 h - 40 stones
 i - 45 arrows
 n - 25 bolts
 r - 26 sling bullets
 s - 6 poisoned darts (quivered)
Armour
 b - a +0 leather armour (worn)
Jewellery
 j - a ring of willpower (left hand)
Scrolls
 c - 2 scrolls of blinking
 f - 3 scrolls of identify
 k - a scroll of fear {unknown}
 l - a scroll of holy word {unknown}
 m - a scroll of teleportation {unknown}
 p - 3 scrolls of silence {unknown}
Potions
 e - a potion of attraction {unknown}
 g - 2 potions of berserk rage {unknown}
 o - a potion of ambrosia {unknown}
 q - a potion of flight {unknown}


   Skills:
 + Level 4.6 Fighting
 + Level 1.0 Short Blades
 + Level 1.0 Long Blades
 + Level 1.0 Axes
 + Level 1.0 Maces & Flails
 + Level 4.6 Polearms
 + Level 1.0 Staves
 + Level 1.0 Slings
 + Level 1.0 Bows
 + Level 1.0 Crossbows
 + Level 2.6 Throwing
 + Level 2.6 Armour
 + Level 4.6 Dodging
 + Level 1.0 Stealth
 + Level 1.0 Shields
 + Level 1.0 Unarmed Combat
 + Level 5.0 Spellcasting
 + Level 0.7 Conjurations
 + Level 0.7 Hexes
 + Level 0.7 Summonings
 + Level 0.7 Necromancy
 + Level 5.4 Translocations
 + Level 0.7 Transmutations
 + Level 0.7 Fire Magic
 + Level 0.7 Ice Magic
 + Level 0.7 Air Magic
 + Level 0.7 Earth Magic
 + Level 0.7 Poison Magic
 + Level 1.0 Invocations
 + Level 1.0 Evocations


You had 10 spell levels left.
You knew the following spells:

 Your Spells              Type           Power      Damage    Failure   Level
a - Blink                 Tloc           32%        N/A       4%          2

Your spell library contained the following spells:

 Spells                   Type           Power      Damage    Failure   Level
 Gell's Gravitas          Tloc           16%        N/A       9%          3
 Lesser Beckoning         Tloc           16%        N/A       9%          3
 Teleport Other           Tloc           16%        N/A       9%          3
 Ensorcelled Hibernation  Hex/Ice        8%         N/A       28%         2
 Dazzling Flash           Conj/Hex       8%         N/A       50%         3
 Spider Form              Tmut/Pois      4%         N/A       50%         3
 Manifold Assault         Tloc           16%        N/A       58%         5
 Anguish                  Hex/Necr       2%         N/A       88%         4
 Agony                    Necr           4%         N/A       99%         5
 Silence                  Hex/Air        2%         N/A       99%         5


Dungeon Overview and Level Annotations

Branches:
Dungeon (3/15)

Altars:

Shops:
D:1 *


Innate Abilities, Weirdness & Mutations

You have very sharp teeth.
Your uncanny sense of smell can sniff out nearby items.
Your experience applies equally to all skills.


Message History

The orc hits you but does no damage.
You closely miss the orc.
The orc is severely wounded.
The orc hits you with a +0 club.
You hit the orc.
You kill the orc!
You hit the orc.
The orc is heavily wounded.
You closely miss the orc.
The orc is heavily wounded.
The orc hits you with a +1 dagger of venom.
You are poisoned.
You hit the orc.
The orc is heavily wounded.
You feel very sick. The orc hits you but does no damage.
You are more poisoned.
You hit the orc but do no damage. You bite the orc, but do no damage.
The orc is heavily wounded.
You feel very sick.
The orc hits you with a +1 dagger of venom.
You are more poisoned.
Unknown command.
You barely miss the orc.
The orc is heavily wounded.
You feel very sick. The orc completely misses you.
You hit the orc.
The orc is almost dead.
* * * LOW HITPOINT WARNING * * *
You feel very sick.
The orc hits you with a +1 dagger of venom.
* * * LOW HITPOINT WARNING * * *
You are more poisoned.
You hit the orc.
You kill the orc!
* * * LOW HITPOINT WARNING * * *
You feel very sick. The orc hits you with a +0 hand axe.
You die...

..........##.#
##.#..##o..#.
. ....#.....
#.##.......# ∆
.h......##.#
.........#.#
#..#......J#
.........#)#
##.#..##.#@##
.. #.....o..#
#.....#..##.#
###. #..# .#
........ .#
###.##### ## #


You could see an orc and an endoplasm.

Vanquished Creatures
  An adder (D:2)
  A worm (D:2)
  3 orcs
  3 ball pythons
  4 endoplasms
  2 giant cockroaches
  2 goblins
  4 hobgoblins
  A quokka (D:2)
  4 bats
  2 frilled lizards
  4 kobolds
  7 rats
38 creatures vanquished.

Notes
Turn   | Place    | Note
-------+----------+-------------------------------------------
     0 | D:1      | Ablot the Gnoll Warper began the quest for the Orb.
     0 | D:1      | Reached XP level 1. HP: 20/20 MP: 6/6
   174 | D:1      | Found a faded altar of an unknown god.
   315 | D:1      | Reached XP level 2. HP: 26/26 MP: 7/7
   318 | D:1      | Learned a level 2 spell: Blink
   761 | D:1      | Found Enunoop's General Store.
   764 | D:1      | Bought a scroll of identify for 28 gold pieces
  1084 | D:2      | Reached skill level 5 in Spellcasting
  1084 | D:2      | Reached XP level 3. HP: 21/31 MP: 7/9
  1615 | D:2      | Reached skill level 1 in Invocations
  2479 | D:3      | Reached skill level 1 in Short Blades
  2479 | D:3      | Reached skill level 1 in Long Blades
  2479 | D:3      | Reached skill level 1 in Axes
  2479 | D:3      | Reached skill level 1 in Maces & Flails
  2479 | D:3      | Reached skill level 1 in Staves
  2479 | D:3      | Reached skill level 1 in Slings
  2479 | D:3      | Reached skill level 1 in Bows
  2479 | D:3      | Reached skill level 1 in Crossbows
  2479 | D:3      | Reached skill level 1 in Stealth
  2479 | D:3      | Reached skill level 1 in Shields
  2479 | D:3      | Reached skill level 1 in Unarmed Combat
  2479 | D:3      | Reached skill level 1 in Evocations
  2498 | D:3      | Slain by an orc

Illustrated notes

Levels and vault maps discovered:
D:1:      heliophobic_arrival_glass_houses, layout_loops_ring,
          shapermc_ecumenical_altar_mp_highgroup, serial_shops,
          nicolae_shop_trees
D:2:      layout_basic
D:3:      layout_basic, grunt_decor_fettered, kennysheep_decorative_pillar,
          uniq_sigmund

Skill      XL: |  1  2  3 |
---------------+----------+-----
Spellcasting   | 5 |  5.0
Invocations    | 1 |  1.0
Short Blades   | 1 |  1.0
Long Blades    | 1 |  1.0
Axes           | 1 |  1.0
Maces & Flails | 1 |  1.0
Staves         | 1 |  1.0
Slings         | 1 |  1.0
Bows           | 1 |  1.0
Crossbows      | 1 |  1.0
Stealth        | 1 |  1.0
Shields        | 1 |  1.0
Unarmed Combat | 1 |  1.0
Evocations     | 1 |  1.0
Fighting       | |  4.6
Polearms       | |  4.6
Throwing       | |  2.6
Armour         | |  2.6
Dodging        | |  4.6
Conjurations   | |  0.7
Hexes          | |  0.7
Summonings     | |  0.7
Necromancy     | |  0.7
Translocations | |  5.4
Transmutations | |  0.7
Fire Magic     | |  0.7
Ice Magic      | |  0.7
Air Magic      | |  0.7
Earth Magic    | |  0.7
Poison Magic   | |  0.7

Action                   || total
-------------------------++-------
Melee: Spear             ||   160
       Bite              ||     7
       Punch             ||     1
 Stab: Sleeping          ||     2
Armor: Leather armour    ||    25
Dodge: Dodged            ||    76
